Map: 2000 Atmospheres LE

Players

Scarlett

  • Race: Zerg Zerg

Astrea - Winner!

  • Race: Protoss Protoss

Event: DreamHack SC2 Masters 2021 Fall

VOD

Have the link to the VOD?

Description

Time

  • Played on: Aug. 8, 2021, 3:13 p.m.
  • Length: 9:17

All games in this series

Show
View Real Time Build Order
Export as new Build Order

Scarlett Zerg 

Build Orders: Hatch First, Zergling Baneling 

Get SALT Encoding   

  12  0:00  Drone  
  13  0:12  Overlord  
  13  0:16  Drone  
  14  0:30  Drone x2  
  16  0:47  Hatchery  
  15  0:51  Drone  
  15  0:54  Drone  
  17  0:57  Drone  
  18  1:08  Extractor  
  17  1:12  Spawning Pool  
  17  1:15  Drone  
  17  1:19  Drone  
  18  1:28  Drone  
  19  1:39  Drone  
  20  1:49  Overlord  
  20  1:58  Queen x2  
  20  1:59  Zergling x2  
  20  2:00  Zergling x2  
  26  2:11  Metabolic Boost  
  26  2:13  Drone x2  
  28  2:20  Drone  
  28  2:22  Drone  
  30  2:40  Zergling x4, Spore Crawler  
  31  2:46  Hatchery  
  31  2:51  Overlord  
  30  2:54  Zergling x2  
  31  2:58  Zergling x2  
  31  2:59  Zergling x2  
  31  3:05  Baneling Nest  
  31  3:12  Zergling x6  
  34  3:18  Zergling x4  
  36  3:23  Zergling x4  
  36  3:26  Zergling x2  
  39  3:33  Zergling x2  
  38  3:41  Zergling x4  
  38  3:48  Zergling x4  
  38  3:51  Baneling x4  
  38  3:52  Zergling x2  
  38  3:54  Baneling x4  
  38  3:58  Zergling x2  
  38  4:01  Zergling x2  
  40  4:04  Zergling x2  
  40  4:07  Zergling x2  
  40  4:09  Zergling x2  
  43  4:11  Zergling x2  
  41  4:18  Zergling x4  
  40  4:25  Zergling x2, Baneling  
  40  4:26  Zergling x2  
  40  4:30  Zergling x4  
  41  4:37  Zergling x4  
  41  4:39  Drone  
  39  4:46  Drone x3  
  39  4:51  Drone  
  42  4:59  Overlord  
  42  5:05  Drone  
  41  5:17  Queen  
  41  5:18  Drone x3, Overlord  
  46  5:24  Overlord  
  46  5:27  Drone x2  
  48  5:33  Queen  
  50  5:45  Drone x6  
  50  5:49  Drone x2  
  58  5:56  Spore Crawler  
  57  5:59  Drone x4  
  57  6:03  Drone  
  57  6:04  Drone  
  61  6:10  Overlord  
  61  6:21  Drone x4, Overlord  
  61  6:24  Overlord  
  65  6:27  Queen  
  65  6:32  Drone x4, Overlord  
  71  6:39  Queen, Overlord  
  73  6:42  Lair  
  73  6:47  Roach Warren  
  72  6:49  Drone x3  
  75  6:56  Drone x6  
  81  7:03  Queen  
  81  7:07  Drone x5  
  88  7:09  Evolution Chamber  
  88  7:11  Extractor  
  88  7:13  Extractor  
  88  7:14  Drone x2  
  87  7:16  Extractor, Queen  
  87  7:18  Drone x4  
  92  7:26  Hatchery  
  89  7:35  Drone x8  
  97  7:40  Extractor x2  
  97  7:42  Overlord x2  
  95  7:47  Queen, Infestation Pit  
  95  7:48  Glial Reconstitution  
  96  7:55  Overlord  
  96  7:56  Roach  
  96  7:57  Roach x2  
  100  8:08  Overlord x2  
  100  8:09  Roach x4  
  108  8:17  Overlord  
  108  8:20  Ravager x3  
  108  8:21  Roach x5  
  108  8:24  Roach  
  108  8:25  Roach  
  127  8:27  Roach x2  
  127  8:32  Overlord  
  129  8:34  Roach  
  129  8:35  Roach x2  
  129  8:38  Roach x2  
  139  8:43  Roach  
  139  8:44  Roach x3  
  137  8:50  Roach x4  
  137  8:52  Roach  
Show
View Real Time Build Order
Export as new Build Order

Astrea Protoss - Winner!

Build Orders: Nexus First, Oracle Opening 

Get SALT Encoding   

  12  0:00  Probe  
  13  0:12  Probe  
  14  0:17  Pylon  
  14  0:24  Probe  
  15  0:36  Probe  
  16  0:48  Probe  
  17  0:57  Nexus  
  17  1:07  Gateway  
  17  1:10  Probe (Chrono Boost)  
  18  1:15  Assimilator  
  18  1:20  Probe (Chrono Boost)  
  18  1:23  Assimilator  
  18  1:25  Probe  
  20  1:33  Pylon  
  20  1:37  Probe  
  21  1:49  Probe  
  21  1:53  Zealot (Chrono Boost)  
  24  1:56  Cybernetics Core  
  24  2:01  Probe  
  25  2:09  Probe  
  25  2:12  Zealot (Chrono Boost)  
  25  2:13  Probe  
  29  2:21  Probe  
  30  2:26  Probe  
  31  2:32  Adept (Chrono Boost)  
  31  2:33  Probe  
  31  2:36  Stargate  
  34  2:38  Probe  
  35  2:47  Probe  
  35  2:50  Probe  
  37  2:54  Adept (Chrono Boost)  
  39  2:59  Pylon, Probe  
  40  3:06  Probe  
  40  3:11  Probe, Warp Gate  
  42  3:18  Probe  
  42  3:19  Oracle (Chrono Boost)  
  43  3:23  Probe  
  47  3:30  Probe  
  48  3:35  Probe  
  49  3:42  Void Ray (Chrono Boost)  
  49  3:43  Probe  
  49  3:47  Probe  
  48  3:55  Probe  
  51  3:57  Pylon  
  51  3:59  Probe  
  52  4:04  Nexus  
  52  4:06  Pylon  
  52  4:07  Probe  
  51  4:19  Adept  
  51  4:21  Void Ray (Chrono Boost)  
  51  4:22  Probe  
  51  4:23  Probe  
  46  4:26  Pylon  
  49  4:35  Pylon, Probe  
  49  4:42  Probe  
  48  4:47  Probe  
  48  4:51  Void Ray (Chrono Boost)  
  49  4:54  Probe  
  54  5:01  Pylon, Probe  
  54  5:07  Probe  
  56  5:13  Probe  
  57  5:14  Adept  
  57  5:15  Pylon  
  57  5:18  Gateway  
  57  5:19  Probe  
  60  5:24  Assimilator x2, Pylon  
  60  5:25  Probe  
  61  5:31  Probe  
  61  5:34  Nexus  
  62  5:36  Pylon  
  62  5:38  Probe  
  63  5:44  Forge  
  63  5:46  Twilight Council  
  63  5:48  Probe (Chrono Boost)  
  64  5:51  Probe (Chrono Boost)  
  65  5:59  Probe (Chrono Boost)  
  65  6:00  Zealot, Probe (Chrono Boost)  
  69  6:04  Probe (Chrono Boost)  
  69  6:05  Probe (Chrono Boost)  
  69  6:06  Shield Battery  
  71  6:12  Protoss Ground Weapons Level 1 (Chrono Boost)  
  71  6:14  Blink  
  71  6:15  Probe  
  71  6:17  Probe  
  71  6:18  Gateway  
  73  6:19  Gateway  
  73  6:27  Sentry x2, Probe  
  73  6:32  Pylon  
  78  6:35  Probe  
  78  6:39  Probe  
  80  6:43  Robotics Facility  
  80  6:47  Probe  
  80  6:48  Probe  
  80  6:51  Probe  
  80  6:53  Sentry x2  
  87  6:59  Probe  
  87  7:00  Probe  
  89  7:02  Gateway  
  89  7:03  Probe  
  89  7:06  Gateway  
  89  7:07  Gateway  
  90  7:08  Gateway  
  90  7:17  Stalker  
  90  7:18  Stalker x2  
  90  7:20  Stalker  
  98  7:29  Probe  
  100  7:30  Probe x2  
  100  7:31  Observer (Chrono Boost)  
  100  7:36  Pylon  
  102  7:38  Assimilator x2  
  102  7:39  Photon Cannon  
  102  7:42  Probe  
  102  7:43  Warp Prism (Chrono Boost)  
  103  7:48  Stalker x3  
  111  7:53  Stalker  
  113  7:59  Pylon x2  
  113  8:05  Stalker x3  
  119  8:07  Stalker  
  121  8:12  Pylon  
  121  8:28  Stalker x6  
  121  8:30  Stalker  
  135  8:35  Stalker  
  133  8:53  Stalker x6  
  127  9:03  Stalker x2  

Tags
 
Add a new tag
Caveats
  • Supply blocks, unpowered buildings, or Contaminate may cause inaccurate times.
  • Supply counts are checked every 10 seconds.